AoeStats
← _vishi_
◆

Rage Forest 2026

495098371Analyzed
4v4 RM · 2mo ago on Jul 26, 2026· 57m 46s· 8 players
Game mode
Random Map
Map size
Large (8 player)
Population
200
Speed
Normal
Resources
Standard
Victory
Conquest
Starting age
Dark Age
Ending age
Dark Age
RankedLock teamsTeams togetherTeam positionsShared explorationLock speedFull tech treeHidden civsTurbo modeCheats
Victory
Defeat
🇹🇷 Inca · Türkiye
1490
+11
🇮🇳 Vikings · India
1421
+14
🇷🇴 Spanish · Romania
1257
+21
🇳🇴 Chinese · Norway
1120
+26
🇩🇪 Italians · Germany
1474
-23
🇺🇸 Slavs · United States
1443
-21
🇮🇳 Khitans · India
1386
-23
🇳🇱 Ethiopians · Netherlands
1218
-11
_vishi_
2:44 Loom
13:05 Feudal Age
13:31 Double-Bit Axe
20:13 Castle Age
20:57 Wheelbarrow
20:38 Elite Skirmisher
21:10 Fletching
21:21 Padded Archer Armor
22:18 Fishing Lines
27:10 Bow Saw
28:29 Gillnets
32:29 Imperial Age
30:13 Bodkin Arrow
31:46 Hand Cart
33:43 Ballistics
34:50 Two-Man Saw
37:15 Thumb Ring
37:14 Husbandry
37:09 Heavy Rocket Cart
38:00 Bracer
39:20 Chemistry
39:27 Leather Archer Armor
40:41 Conscription
40:46 Forging
40:37 Scale Mail Armor
40:40 Elite Liao Dao
41:43 Domestication
43:59 Lamellar Armor
45:10 Iron Casting
44:51 Chain Mail Armor
47:50 Siege Engineers
47:55 Masonry
49:28 Plate Mail Armor
49:29 Ring Archer Armor
Vegetex
0:57 Loom
9:57 Feudal Age
12:40 Town Watch
17:40 Castle Age
16:28 Fishing Lines
17:17 Double-Bit Axe
20:39 Fletching
25:58 Imperial Age
24:21 Bow Saw
24:55 Gillnets
27:41 Chemistry
27:27 Bodkin Arrow
28:05 Padded Archer Armor
29:55 Conscription
29:57 Gold Mining
33:40 Pirotechnia
36:08 Leather Archer Armor
40:45 Silk Road
41:54 Caravan
43:26 Ring Archer Armor
44:53 Two-Man Saw
BApp
9:16 Loom
12:16 Feudal Age
16:23 Castle Age
14:38 Double-Bit Axe
14:40 Fishing Lines
20:55 Wheelbarrow
20:10 Town Watch
20:53 Bow Saw
23:22 Gold Mining
23:23 Stone Mining
24:41 Horse Collar
25:38 Gillnets
26:35 Heavy Plow
28:06 Hand Cart
31:27 Imperial Age
29:13 Hand Cart
29:59 Masonry
30:10 Ballistics
29:47 Fletching
31:50 Bodkin Arrow
31:57 Heavy Plow
33:16 Chemistry
32:20 Scale Mail Armor
31:54 Onager
33:06 Forging
32:57 Bracer
33:04 Torsion Engines
33:24 Caravan
33:55 Coinage
33:55 Siege Engineers
34:35 Conscription
35:55 Siege Onager
37:23 Architecture
37:55 Banking
39:30 Squires
40:01 Chain Mail Armor
40:22 Iron Casting
40:01 Halberdier
44:06 Guilds
48:06 Plate Mail Armor
48:36 Blast Furnace
49:35 Town Patrol
Gerrit Beltman
12:09 Feudal Age
12:48 Double-Bit Axe
16:23 Castle Age
14:57 Fishing Lines
15:00 Horse Collar
17:47 Loom
18:44 Sanctity
27:24 Bow Saw
28:44 Town Watch
33:57 Wheelbarrow
33:24 Heavy Plow
35:13 Stone Mining
35:16 Gold Mining
35:47 Scale Barding Armor
36:08 Hand Cart
36:18 Fletching
37:20 Chain Barding Armor
38:53 Bodkin Arrow
40:19 Forging
45:32 Imperial Age
44:11 Pikeman
45:23 Squires
46:04 Scale Mail Armor
46:40 Iron Casting
45:48 Halberdier
47:13 Chain Mail Armor
48:29 Plate Mail Armor
49:00 Blast Furnace
48:05 Halberdier
52:45 Crop Rotation
56:10 Caravan
Zni.Kark01
1:58 Loom
13:01 Feudal Age
14:41 Double-Bit Axe
17:20 Castle Age
17:29 Fishing Lines
18:45 Bow Saw
22:52 Gold Mining
23:52 Stone Mining
25:23 Fletching
25:33 Padded Archer Armor
25:54 Crossbowman
27:04 Gillnets
28:06 Ballistics
28:29 Bodkin Arrow
28:44 Guard Tower
29:56 Treadmill Crane
30:07 Horse Collar
33:25 Imperial Age
33:20 Gold Shaft Mining
33:30 Arbalester
34:11 Bracer
33:43 Onager
34:59 Conscription
35:55 Chemistry
36:10 Leather Archer Armor
36:04 Siege Engineers
35:31 Capped Ram
37:07 Bogsveigar
38:46 Siege Ram
41:52 Masonry
41:27 Elite Skirmisher
42:19 Caravan
42:50 Coinage
42:03 Heavy Scorpion
45:11 Banking
50:28 Two-Man Saw
49:30 Heavy Plow
49:28 Pikeman
51:20 Scale Mail Armor
51:31 Forging
52:49 Chain Mail Armor
53:27 Man-at-Arms
53:53 Gambesons
54:09 Squires
54:40 Plate Mail Armor
54:45 Iron Casting
54:18 Long Swordsman
56:26 Ring Archer Armor
55:18 Two-Handed Swordsman
55:44 Arson
55:56 Champion
58:16 Blast Furnace
Horagalles
0:53 Loom
11:55 Feudal Age
15:34 Castle Age
13:32 Double-Bit Axe
13:28 Horse Collar
17:16 Bow Saw
26:08 Wheelbarrow
25:23 Town Watch
25:47 Heavy Plow
25:38 Gold Mining
25:41 Stone Mining
27:32 Thumb Ring
28:00 Fletching
31:21 Imperial Age
30:42 Hand Cart
30:27 Town Patrol
30:17 Elite Skirmisher
30:53 Bodkin Arrow
30:59 Padded Archer Armor
32:22 Ballistics
33:03 Chemistry
32:06 Bracer
32:28 Conscription
31:55 Heavy Rocket Cart
32:00 Heavy Scorpion
34:16 Leather Archer Armor
33:57 Heavy Rocket Cart
35:56 Rocketry
36:21 Elite Chu Ko Nu
39:10 Two-Man Saw
38:48 Gold Shaft Mining
38:48 Stone Shaft Mining
39:12 Ring Archer Armor
39:03 Caravan
40:12 Coinage
41:03 Bombard Tower
41:45 Great Wall
48:03 Fortified Wall
50:33 Banking
56:49 Elite Fire Lancer
Instinct
0:41 Loom
10:12 Feudal Age
10:49 Champi Runner
12:39 Horse Collar
12:48 Double-Bit Axe
20:04 Castle Age
23:28 Heavy Plow
23:41 Bow Saw
27:45 Fortified Wall
30:56 Imperial Age
29:39 Fletching
29:49 Padded Archer Armor
30:16 Bodkin Arrow
29:47 Pikeman
29:51 Elite Skirmisher
31:23 Leather Archer Armor
32:03 Ballistics
32:48 Chemistry
32:26 Bracer
33:32 Stone Mining
36:02 Thumb Ring
36:30 Ring Archer Armor
40:14 Wheelbarrow
43:38 Ring Archer Armor
43:28 Guard Tower
45:17 Keep
45:30 Masonry
45:01 Treadmill Crane
45:13 Pikeman
48:28 Scale Mail Armor
47:51 Champi Warrior
48:31 Squires
48:45 Forging
48:57 Siege Engineers
50:21 Chain Mail Armor
50:41 Iron Casting
49:28 Capped Ram
49:50 Elite Champi Warrior
50:58 Siege Ram
52:13 Plate Mail Armor
52:39 Caravan
52:43 Onager
55:02 Blast Furnace
[LW] Awake
10:30 Feudal Age
14:21 Castle Age
13:50 Double-Bit Axe
13:45 Horse Collar
15:11 Bow Saw
15:51 Heavy Plow
26:44 Forging
27:45 Bloodlines
29:04 Light Cavalry
31:31 Wheelbarrow
33:47 Imperial Age
31:03 Loom
32:12 Wheelbarrow
32:08 Scale Barding Armor
32:38 Iron Casting
32:01 Town Watch
32:18 Heavy Plow
32:09 Gold Mining
33:31 Hand Cart
33:23 Husbandry
33:27 Devotion
34:08 Chain Barding Armor
34:01 Bloodlines
34:05 Cavalier
35:21 Iron Casting
35:37 Plate Barding Armor
36:50 Hoardings
37:21 Blast Furnace
37:28 Paladin
39:15 Coinage
40:23 Fletching
40:33 Padded Archer Armor
41:27 Conscription
42:13 Bodkin Arrow
42:33 Leather Archer Armor
42:19 Scale Mail Armor
42:41 Supremacy
43:56 Banking
45:24 Two-Man Saw
44:16 Stone Mining
46:05 Hussar
46:47 Bracer
47:17 Ring Archer Armor
47:03 Chain Mail Armor
47:50 Chemistry
47:10 Ballistics
46:36 Arrowslits
47:11 Guilds
47:01 Caravan
49:10 Bombard Tower
48:40 Guard Tower
49:01 Fortified Wall
48:47 Murder Holes
49:03 Masonry
50:32 Plate Mail Armor
51:29 Architecture
51:35 Keep
52:57 Pikeman
53:37 Squires
53:22 Arson
53:23 Gambesons
53:38 Halberdier
53:44 Man-at-Arms
54:44 Long Swordsman
55:27 Two-Handed Swordsman
56:26 Champion
Connection lost

Rejoining the realm…

Still unreachable

The connection could not be restored.

Session expired

The server has moved on; the page needs a fresh start.